 Dungeon Crawl Stone Soup version 0.27.1-4-g1640c2035a (webtiles) character file.

Game seed: 18096200011059718257

86 Stomo444 the Skirmisher (level 4, -1/36 HPs)
             Began as a Draconian Monk on Nov 10, 2021.
             Was a Believer of Hepliaklqana.
             Slain by a gnoll (5 damage)
             ... on level 3 of the Dungeon.
             The game lasted 00:11:19 (1788 turns).

Stomo444 the Skirmisher (Draconian Monk)            Turns: 1788, Time: 00:11:19

Health: -1/36      AC:  6    Str: 15    XL:     4   Next: 27%
Magic:  4/4        EV: 13    Int: 10    God:    Hepliaklqana [**....]
Gold:   46         SH:  0    Dex: 13    Spells: 3/3 levels left

rFire    . . .     SeeInvis .   a - +0 mace
rCold    . . .     Faith    .   (no shield)
rNeg     . . .     Spirit   .   (armour unavailable)
rPois    .         Reflect  .   (helmet restricted)
rElec    .         Harm     .   h - +0 cloak
rCorr    .         Rampage  .   (no gloves)
Will     .....                  (no boots)
Stlth    ++........             (no amulet)
HPRegen  0.12/turn              (no ring)
MPRegen  0.09/turn              (no ring)

@: brilliant, attractive
A: reduced essence, AC +5, unfitting armour, cold-blooded
a: Renounce Religion, Recall Ancestor, Ancestor Identity


You were on level 3 of the Dungeon.
You worshipped Hepliaklqana.
Hepliaklqana was pleased with you.
You visited 1 branch of the dungeon, and saw 3 of its levels.

You collected 46 gold pieces.

Inventory:

Hand Weapons
 a - a +0 mace (weapon)
Armour
 h - a +0 cloak (worn)
Scrolls
 b - a scroll of enchant weapon {unknown}
 d - 5 scrolls of vulnerability {unknown}
 e - a scroll of magic mapping {unknown}
 f - 2 scrolls of identify {unknown}
 i - a scroll of torment {unknown}


   Skills:
 + Level 4.1 Fighting
 + Level 3.8 Maces & Flails
 + Level 3.4 Dodging
 - Level 1.8 Stealth


You had 3 spell levels left.
You didn't know any spells.
Your spell library was empty.

Dungeon Overview and Level Annotations

Branches:
Dungeon (3/15)

Altars:
Hepliaklqana

Shops:
D:1 (

Portals:
Sewer: D:3


Innate Abilities, Weirdness & Mutations

Your life essence is reduced to manifest your ancestor. (-10% HP)
Your plain brown scales are hard. (AC +5)
You cannot fit into any form of body armour.
You are cold-blooded and may be slowed by cold attacks.


Message History

Found a glowing drain.
The bat is pulled toward you!
You hit the bat.
You kill the bat!
The gnoll misses you. The gnoll barely misses you.
Unknown command.
A bat comes into view.
The bat is pulled toward you!
Mallos emerges from the mists of memory!
The gnoll is pulled toward you! The gnoll is pulled toward you!
You swap places.
Found a dagger.
The gnoll closely misses Mallos.
Mallos barely misses the gnoll.
You closely miss the bat. The bat barely misses you.
The gnoll hits you but does no damage.
The gnoll hits Mallos with a +0 club!
Mallos hits the gnoll with a +0 dagger of draining.
Mallos drains the gnoll.
The gnoll dies!
The bat is pulled toward you!
Found a metallic ruby potion.
The bat closely misses you.
The gnoll hits Mallos with a +0 spear.
Mallos hits the bat with a +0 dagger of draining.
Mallos drains the bat.
The bat dies!
The gnoll is pulled toward you!
Unknown command.
The gnoll hits you from afar with a +0 spear.
* * * LOW HITPOINT WARNING * * *
Mallos barely misses the gnoll.
The gnoll is pulled toward you! The gnoll barely misses you.
Mallos points at the gnoll and mumbles some strange words.
The gnoll resists with some effort.
The gnoll is pulled toward you! The gnoll misses you.
Mallos points at the gnoll and mumbles some strange words.
The gnoll resists with some effort.
The gnoll is pulled toward you!
The gnoll hits you from afar with a +0 spear.
* * * LOW HITPOINT WARNING * * *
The gnoll is pulled toward you!
You barely miss the gnoll. The gnoll barely misses you.
You barely miss the gnoll. The gnoll hits you with a +0 spear.
You die...

..#.#######.##.##.######.#
........)#.##.# #.#
#≈≈≈≈≈##.#.##.# #.#
#≈≈≈≈≈##.#.##.# #.#
≈...≈.≈≈R#.##.# #.#
≈.....≈≈.#.##.# #..#
...∩..≈≈.#.##.# #.##
≈≈....≈≈g#....# #.#
.)...≈≈@####.# #.#
≈≈.≈≈##.# #.# #.# ≈≈.≈≈
#.# #.# #.# ...!. ..# #.#
##.# ##.. ### #.# #..# ..
##.## #.####..
#...###.......
#........###.# #...###..#


You could see the friendly Mallos the hexer and a gnoll (ally target).

Vanquished Creatures
  A gnoll (D:3)
  4 dart slugs
  A worm (D:2)
  An endoplasm (D:1)
  2 giant cockroaches
  7 goblins
  3 hobgoblins
  2 kobolds
  5 quokkas
  5 ball pythons
  2 bats
  2 frilled lizards
  3 rats
38 creatures vanquished.

Vanquished Creatures (collateral kills)
  A gnoll (D:3)
  An adder (D:2)
  A dart slug (D:3)
  An endoplasm (D:2)
  2 bats
  A rat (D:3)
7 creatures vanquished.

Vanquished Creatures (others)
  A hexer (D:3)
1 creature vanquished.

Grand Total: 46 creatures vanquished

Notes
Turn   | Place    | Note
-------+----------+-------------------------------------------
     0 | D:1      | Stomo444 the Draconian Monk began the quest for the Orb.
     0 | D:1      | Reached XP level 1. HP: 19/19 MP: 1/1
   154 | D:1      | Reached XP level 2. HP: 26/26 MP: 2/2
   224 | D:1      | Found Huomukk's Weapon Shoppe.
  1022 | D:2      | Reached XP level 3. HP: 33/33 MP: 3/3
  1047 | D:2      | Found a hazy altar of Hepliaklqana.
  1151 | D:2      | Became a worshipper of Hepliaklqana the Forgotten
  1151 | D:2      | Reached * piety under Hepliaklqana
  1151 | D:2      | Reached ** piety under Hepliaklqana
  1321 | D:2      | Remembered your ancestor Mallos as a hexer
  1533 | D:2      | Reached skill level 4 in Fighting
  1754 | D:3      | Reached XP level 4. HP: 25/36 MP: 4/4
  1775 | D:3      | Found a glowing drain.
  1788 | D:3      | Slain by a gnoll

Illustrated notes

Levels and vault maps discovered:
D:1:      dpeg_arrival_arbitrary_c, layout_basic, serial_shops, shop_statue,
          minivault_25
D:2:      layout_rooms, basic_altar
D:3:      layout_loops_ring, mainiacjoe_overflow_paths,
          ebering_ecumenical_altar_sacrificial, cheibrodos_sewer_entry_sluice

Skill      XL: |  1  2  3 |
---------------+----------+-----
Dodging        | 3 |  3.4
Fighting       | 4 |  4.1
Maces & Flails | |  3.8
Stealth        | |  1.8

Action                   |  1- 3 |  4- 6 || total
-------------------------+-------+-------++-------
Melee: Mace              |   103 |    10 ||   113
       Tailslap          |    13 |     1 ||    14
Invok: Recall Ancestor   |     1 |       ||     1
       Ancestor Life: He |     1 |       ||     1
       Ancestor Identity |     1 |       ||     1
  Use: Potion            |       |     2 ||     2
 Stab: Sleeping          |     5 |       ||     5
Armor: Skin              |    28 |     1 ||    29
Dodge: Dodged            |    72 |    15 ||    87
